[Event "Titled Tuesday Blitz August 1 Late 2023"]
[White "Tworuszka, Michal"]
[Black "Karaoglan, Doruk"]
[WhiteFideId "1117858"]
[BlackFideId "6390927"]
[WhiteElo "2498"]
[BlackElo "2632"]
[Result "0-1"]
[Round "7"]
[TimeControl "180+1"]
[Date "2023.08.01"]
[WhiteClock "0:00:07"]
[BlackClock "0:00:40"]
[Board "44"]

1. d4 Nf6 2. c4 g6 3. Nc3 Bg7 4. e4 d6 5. h3 O-O 6. Be3 e5 7. d5 a5 8. Nge2 Na6 9. g4 Nd7 10. Ng3 Ndc5 11. Be2 c6 12. h4 cxd5 13. cxd5 Bd7 14. h5 a4 15. f3 Qa5 16. Kf2 a3 17. Qd2 axb2 18. Qxb2 Nb4 19. Kg2 f5 20. gxf5 gxf5 21. h6 Bf6 22. exf5 e4 23. Nh5 exf3+ 24. Bxf3 Be5 25. Qd2 Bxf5 26. Ng7 Bg6 27. Ne2 Rxf3 28. Kxf3 Rf8+ 29. Kg4 Qa4 30. Nd4 Nbd3 31. Qc3 Ne4 32. Rab1 Nxc3 0-1


[Site "https://www.chess.com"]

[Event "Titled Tuesday Blitz August 1 Late 2023"]
[White "Wu, Rochelle"]
[Black "Cheng, Xiao"]
[WhiteFideId "30908132"]
[BlackFideId "2022915"]
[WhiteElo "2624"]
[BlackElo "2477"]
[Result "1-0"]
[Round "7"]
[TimeControl "180+1"]
[Date "2023.08.01"]
[WhiteClock "0:00:22"]
[BlackClock "0:00:17"]
[Board "45"]

1. d4 Nf6 2. c4 e6 3. Nc3 Bb4 4. Qc2 d5 5. cxd5 exd5 6. Bg5 c5 7. dxc5 Nbd7 8. Nf3 Qa5 9. Bd2 Qxc5 10. a3 Bxc3 11. Qxc3 O-O 12. Qxc5 Nxc5 13. Rd1 Nce4 14. Bb4 Re8 15. Nd2 a5 16. Nxe4 dxe4 17. Bc3 Be6 18. e3 Nd5 19. Bd4 Rec8 20. Kd2 Ne7 21. Be2 Nc6 22. Bc3 a4 23. Rc1 Bb3 24. f3 f5 25. Ke1 Re8 26. Kf2 Rad8 27. Bb5 Re6 28. f4 Red6 29. Rhe1 h6 30. Bxc6 Rxc6 31. Bd4 Rdc8 32. Rc3 Kf7 33. Rec1 g5 34. Rxc6 Rxc6 35. Rxc6 bxc6 36. fxg5 hxg5 37. g3 Kg6 38. h4 Bc2 39. Bc5 Bd3 40. Be7 gxh4 41. gxh4 Be2 42. Kg3 Kf7 43. Bb4 Kg6 44. Kf4 Bg4 45. Ke5 Kh5 46. Be7 Kg6 47. Bg5 Be2 48. Kd6 Bb5 49. Bd8 Kh5 50. Ke5 Kg4 51. Bg5 Bc4 52. Kf6 Kh5 53. Kxf5 Bd3 54. Ke5 Kg4 55. Kd6 Bb5 56. Ke6 Kh5 57. Bd8 Kg4 58. Ke5 Kh5 59. Kxe4 Bc4 60. Kd4 Bd5 61. e4 Be6 62. Kc5 Bd7 63. Kd6 Be8 64. e5 Kg6 65. Ke7 Bf7 66. h5+ Kg7 67. h6+ Kg6 68. h7 Bd5 69. h8=Q Kf5 70. Qf6+ Ke4 71. Kd6 Kd4 72. e6+ Kc4 73. e7 Kb5 74. e8=Q Bc4 75. Qfe5+ Bd5 76. Qxc6# 1-0


[Site "https://www.chess.com"]

[Event "Titled Tuesday Blitz August 1 Late 2023"]
[White "Kazakov, Mikhail"]
[Black "brm72"]
[WhiteFideId "14102749"]
[WhiteElo "2450"]
[BlackElo "2615"]
[Result "0-1"]
[Round "7"]
[TimeControl "180+1"]
[Date "2023.08.01"]
[WhiteClock "0:00:02"]
[BlackClock "0:00:03"]
[Board "46"]

1. d4 Nf6 2. c4 g6 3. Nc3 d5 4. cxd5 Nxd5 5. e4 Nxc3 6. bxc3 Bg7 7. Ba3 O-O 8. Qb3 Nd7 9. Rd1 c5 10. Nf3 Qc7 11. d5 Ne5 12. Be2 Bg4 13. c4 Rab8 14. O-O Bxf3 15. Bxf3 a6 16. Be2 g5 17. Bc1 h6 18. f4 Ng6 19. fxg5 hxg5 20. Bxg5 Be5 21. Qh3 b5 22. cxb5 axb5 23. Bh5 Qd6 24. Rf5 Bd4+ 25. Kh1 Kg7 26. Bxg6 Qxg6 27. Bxe7 Rh8 28. Rg5 Rxh3 29. gxh3 Qxg5 30. Bxg5 f6 31. Bf4 Re8 32. Bc7 Kf7 33. d6 Ke6 34. Kg2 Ra8 35. Rd2 Kd7 36. Kf3 Be5 37. h4 c4 38. h5 b4 39. Rc2 b3 40. axb3 cxb3 41. Rc5 b2 42. Rb5 Ra1 43. h6 b1=Q 44. Rxb1 Rxb1 45. Kg4 Ra1 46. Kf5 Ra8 47. h4 Rh8 48. Kg6 Ke6 49. h5 Rg8+ 50. Kh7 Kf7 51. Ba5 f5 52. exf5 Rh8# 0-1


[Site "https://www.chess.com"]

[Event "Titled Tuesday Blitz August 1 Late 2023"]
[White "Vega Gutierrez, Sabrina"]
[Black "Ozates, Tuna"]
[WhiteFideId "2219026"]
[BlackFideId "6354521"]
[WhiteElo "2445"]
[BlackElo "2613"]
[Result "0-1"]
[Round "7"]
[TimeControl "180+1"]
[Date "2023.08.01"]
[WhiteClock "0:00:00"]
[BlackClock "0:00:17"]
[Board "47"]

1. e4 c5 2. Nf3 Nc6 3. d4 cxd4 4. Nxd4 e5 5. Nb5 d6 6. c4 Be7 7. N5c3 Nf6 8. Na3 O-O 9. Be2 Be6 10. O-O Rc8 11. Be3 a6 12. Rc1 Nd7 13. Nc2 Na5 14. b3 b5 15. Nd5 bxc4 16. b4 Nc6 17. Bxc4 a5 18. Ba6 Rb8 19. b5 Bxd5 20. exd5 Nb4 21. Nxb4 axb4 22. Rc6 Qa5 23. Qb3 f5 24. f3 Kh8 25. Rfc1 f4 26. Bf2 e4 27. Be1 Nc5 28. Qxb4 Qxa2 29. fxe4 f3 30. gxf3 Bg5 31. Rb1 Be3+ 32. Kh1 Qe2 0-1


[Site "https://www.chess.com"]

[Event "Titled Tuesday Blitz August 1 Late 2023"]
[White "Nikologorsky, Matfei"]
[Black "Goldin, Alexander"]
[WhiteFideId "24102474"]
[BlackFideId "2019540"]
[WhiteElo "2380"]
[BlackElo "2612"]
[Result "1/2-1/2"]
[Round "7"]
[TimeControl "180+1"]
[Date "2023.08.01"]
[WhiteClock "0:00:17"]
[BlackClock "0:00:12"]
[Board "48"]

1. e4 c5 2. Nf3 Nc6 3. d4 cxd4 4. Nxd4 Nf6 5. Nc3 d6 6. Bg5 Bd7 7. Qd3 Rc8 8. O-O-O Nxd4 9. Qxd4 Qa5 10. Bxf6 gxf6 11. Kb1 Qc5 12. Qd2 f5 13. Bd3 Bg7 14. exf5 Qb4 15. a3 Qb6 16. Ka2 Bc6 17. Rb1 Qa5 18. Ne4 Qxd2 19. Nxd2 Bh6 20. Ne4 Kd7 21. Rhe1 Rhg8 22. g3 Bd5+ 23. b3 a5 24. c4 Bc6 25. Rbd1 Kc7 26. f6 e6 27. Bc2 Rcd8 28. f4 Bf8 29. b4 axb4 30. axb4 d5 31. b5 Ra8+ 32. Kb1 dxe4 33. bxc6 bxc6 34. Rxe4 Bc5 35. Rd3 Rgb8+ 36. Rb3 Rd8 37. Rd3 Rdb8+ 38. Rb3 Rd8 39. Re2 Rd4 40. f5 Rad8 41. fxe6 fxe6 42. Rxe6 Rxc4 43. f7 Bf8 44. Re8 Rcd4 45. Rbe3 Bc5 46. Rxd8 Rxd8 47. Re8 Kd7 48. Bxh7 Rxe8 49. fxe8=Q+ Kxe8 50. Be4 Kd7 51. Kc2 Bd6 52. Kd3 c5 53. Kc4 Ke6 54. Bf3 Be5 55. Kd3 Kf5 56. Kc4 Bd6 57. Kd5 Be7 58. Be2 Bf6 59. h3 Kg5 60. Ke4 Bd4 61. Kf3 Be5 62. h4+ Kf5 63. Bd3+ Kf6 64. Ke4 Bc3 65. g4 Bd2 66. Kf3 Bc1 67. Ke4 Bd2 68. Kd5 Bc1 69. Kxc5 Be3+ 70. Kd5 Bd2 71. Ke4 Bc1 72. Kf3 Bd2 73. Be4 Bc1 74. Bd3 Bd2 75. Ke4 Bc1 76. Kf3 1/2-1/2


[Site "https://www.chess.com"]

[Event "Titled Tuesday Blitz August 1 Late 2023"]
[White "Pesotskiy, Mikhail"]
[Black "Rustemov, Alexander"]
[WhiteFideId "34164453"]
[BlackFideId "4119002"]
[WhiteElo "2426"]
[BlackElo "2828"]
[Result "0-1"]
[Round "7"]
[TimeControl "180+1"]
[Date "2023.08.01"]
[WhiteClock "0:00:26"]
[BlackClock "0:00:45"]
[Board "49"]

1. d4 d5 2. c4 dxc4 3. e3 Nf6 4. Bxc4 e6 5. Nf3 c5 6. O-O a6 7. a4 Nc6 8. Nc3 Be7 9. Ne5 cxd4 10. Nxc6 bxc6 11. Qxd4 Qxd4 12. exd4 a5 13. Bf4 Ba6 14. b3 Nd5 15. Nxd5 exd5 16. Bxa6 Rxa6 17. Rfe1 Kd7 18. Re3 Bb4 19. Rg3 g6 20. Be5 Re8 21. Rf3 f5 22. Rh3 Re7 23. f4 Rb6 24. Rd1 Bd6 25. Rdd3 Rb4 26. Kf2 c5 27. dxc5 Bxc5+ 28. Kf1 Ke6 29. Ke2 Re4+ 30. Kd1 d4 31. Rhf3 Kd5 32. Rf2 g5 33. Rfd2 gxf4 34. Bxd4 0-1


[Site "https://www.chess.com"]

[Event "Titled Tuesday Blitz August 1 Late 2023"]
[White "Haszon, David"]
[Black "Hambleton, Aman"]
[WhiteFideId "733610"]
[BlackFideId "2606577"]
[WhiteElo "2506"]
[BlackElo "2796"]
[Result "1-0"]
[Round "7"]
[TimeControl "180+1"]
[Date "2023.08.01"]
[WhiteClock "0:01:18"]
[BlackClock "0:00:00"]
[Board "50"]

1. d4 e5 2. e4 exd4 3. c3 d3 4. Bxd3 Bc5 5. Nf3 d6 6. O-O Nf6 7. Bg5 h6 8. Bh4 O-O 9. b4 Bb6 10. Na3 a6 11. Nc4 Ba7 12. h3 Re8 13. Re1 Be6 14. Ne3 Nbd7 15. Nd4 c6 16. Qf3 Ne5 17. Qd1 Ng6 18. Bg3 d5 19. Nxe6 Rxe6 20. exd5 Nxd5 21. Nxd5 Qxd5 22. Rxe6 Qxe6 23. Qf3 Ne5 24. Bxe5 Qxe5 25. Rd1 Re8 26. Bc4 Qe7 27. Qf5 Rf8 28. g3 Qc7 29. Kg2 1-0


[Site "https://www.chess.com"]

[Event "Titled Tuesday Blitz August 1 Late 2023"]
[White "Mekhitarian, Krikor Sevag"]
[Black "Papayan, Oleg"]
[WhiteFideId "2107660"]
[BlackFideId "4193911"]
[WhiteElo "2749"]
[BlackElo "2503"]
[Result "1-0"]
[Round "7"]
[TimeControl "180+1"]
[Date "2023.08.01"]
[WhiteClock "0:00:10"]
[BlackClock "0:00:00"]
[Board "51"]

1. Nf3 Nf6 2. c4 e6 3. Nc3 d5 4. cxd5 exd5 5. d4 c6 6. Bf4 Bd6 7. Bxd6 Qxd6 8. e3 Bf5 9. Nh4 Bg4 10. Qb3 Qe7 11. h3 Be6 12. Bd3 O-O 13. O-O Qc7 14. Rac1 Nbd7 15. Nf3 h6 16. Qc2 Qd6 17. a3 Rfc8 18. Rfe1 Kf8 19. b4 b5 20. Qb2 Nb6 21. Ne5 a5 22. Ra1 Ra7 23. Reb1 Rca8 24. Ne2 Nfd7 25. Nf4 axb4 26. axb4 Rxa1 27. Rxa1 Rxa1+ 28. Qxa1 Nxe5 29. dxe5 Qxb4 30. Qa7 Nc4 31. Nxe6+ fxe6 32. Bg6 Nxe5 33. Qb8+ Ke7 34. Qxe5 Qe1+ 35. Kh2 Qxf2 36. Qc7+ Kf6 37. Qf7+ Ke5 38. Qxf2 1-0


[Site "https://www.chess.com"]

[Event "Titled Tuesday Blitz August 1 Late 2023"]
[White "Nanu, Costica-Ciprian"]
[Black "Fishbein, Alexander"]
[WhiteFideId "1204580"]
[BlackFideId "2000377"]
[WhiteElo "2502"]
[BlackElo "2627"]
[Result "0-1"]
[Round "7"]
[TimeControl "180+1"]
[Date "2023.08.01"]
[WhiteClock "0:01:38"]
[BlackClock "0:01:05"]
[Board "52"]

1. e4 c5 2. Nf3 d6 3. Bc4 Nf6 4. d3 Nc6 5. c3 e6 6. O-O Be7 7. Bb3 O-O 8. Nbd2 d5 9. e5 Nd7 10. Re1 Qc7 11. d4 b6 12. Nf1 Ba6 13. h4 Rac8 14. Bg5 h6 15. Bxe7 Nxe7 16. Rc1 cxd4 17. cxd4 Qxc1 18. Qxc1 Rxc1 19. Rxc1 Bxf1 20. Kxf1 Rc8 21. Rc3 Rxc3 22. bxc3 b5 23. a4 bxa4 24. Bxa4 Nb6 25. Bc2 Nc6 26. Nd2 a5 27. Ke2 Kf8 28. Kd3 Ke7 29. c4 Nb4+ 30. Kc3 dxc4 31. Be4 N4d5+ 32. Kc2 Kd7 33. g4 g5 34. hxg5 hxg5 35. Nf3 a4 36. Nxg5 a3 37. Nf3 Nb4+ 38. Kb1 c3 39. Ne1 Nc4 40. Bd3 Nd2+ 41. Kc1 a2 42. Bb5+ Kc7 43. Nc2 Nxc2 0-1


[Site "https://www.chess.com"]

[Event "Titled Tuesday Blitz August 1 Late 2023"]
[White "Tologon tegin, Semetei"]
[Black "D`Arruda, Ricardo D."]
[WhiteFideId "13800574"]
[BlackFideId "100692"]
[WhiteElo "2602"]
[BlackElo "2468"]
[Result "1/2-1/2"]
[Round "7"]
[TimeControl "180+1"]
[Date "2023.08.01"]
[WhiteClock "0:00:06"]
[BlackClock "0:00:37"]
[Board "53"]

1. e4 c5 2. Nf3 Nc6 3. d4 cxd4 4. Nxd4 e5 5. Nb5 a6 6. Nd6+ Bxd6 7. Qxd6 Qe7 8. Qd1 Nf6 9. Nc3 d6 10. Bc4 Be6 11. Bb3 h6 12. O-O O-O 13. Be3 Rac8 14. h3 Na5 15. Qd2 Nc4 16. Bxc4 Bxc4 17. Rfd1 Rfd8 18. a4 d5 19. Bb6 Rd7 20. exd5 Bxd5 21. Qe3 Bc6 22. Rxd7 Nxd7 23. Rd1 Qb4 24. a5 Qxb2 25. Nd5 Bxd5 26. Rxd5 Nxb6 27. axb6 Qxc2 28. Rxe5 Qc6 29. Re7 Kf8 30. Re5 Re8 31. Qa3+ Kg8 32. Re7 Rxe7 33. Qxe7 Qd5 34. Qc7 a5 35. Qc8+ Kh7 36. Qc2+ g6 37. g3 h5 38. h4 Qe5 39. Qb3 Kg7 40. Kg2 Qa1 41. Qd5 a4 42. Qxb7 a3 43. Qc7 a2 44. b7 Qb2 45. b8=Q Qxb8 46. Qxb8 a1=Q 47. Qf4 Qc3 48. Qf3 Qe5 49. Qd3 Qf6 50. Qf3 Qe5 51. Qd3 Qb2 52. Qf3 Qe5 1/2-1/2


[Site "https://www.chess.com"]

[Event "Titled Tuesday Blitz August 1 Late 2023"]
[White "Arnold, Ken"]
[Black "vishwa_vijeta"]
[WhiteFideId "2056836"]
[WhiteElo "2440"]
[BlackElo "2570"]
[Result "0-1"]
[Round "7"]
[TimeControl "180+1"]
[Date "2023.08.01"]
[WhiteClock "0:00:03"]
[BlackClock "0:00:19"]
[Board "54"]

1. d4 Nf6 2. c4 g6 3. Nf3 Bg7 4. g3 c6 5. Bg2 d5 6. cxd5 cxd5 7. Nc3 O-O 8. O-O Nc6 9. Bf4 Bf5 10. Ne5 Qb6 11. Nxc6 Qxc6 12. Qd2 Qd7 13. Be5 Be6 14. Rac1 Rac8 15. e3 h5 16. h4 Kh7 17. a3 Bh3 18. Bxf6 Bxg2 19. Kxg2 Bxf6 20. Qe2 Bg7 21. Qb5 Qxb5 22. Nxb5 a6 23. Nc3 e6 24. Rcd1 Rfd8 25. Rd2 Kg8 26. Na4 Bf8 27. b4 Rc4 28. Nc5 b6 29. Nxa6 Ra8 30. b5 Bxa3 31. Rb1 Be7 32. Kf1 Kg7 33. Ke2 Rac8 34. Rb3 Ra4 35. Kd3 Ra5 36. Rc2 Rxc2 37. Kxc2 Bd6 38. Kb2 Kf6 39. Kc3 Kf5 40. Rb2 Kg4 41. Kd3 Kf3 42. Kc3 Ra3+ 43. Rb3 Rxb3+ 44. Kxb3 Kxf2 0-1


[Site "https://www.chess.com"]

[Event "Titled Tuesday Blitz August 1 Late 2023"]
[White "Reprintsev, Alexander"]
[Black "Womacka, Mathias"]
[WhiteFideId "14100541"]
[BlackFideId "4611390"]
[WhiteElo "2440"]
[BlackElo "2544"]
[Result "1-0"]
[Round "7"]
[TimeControl "180+1"]
[Date "2023.08.01"]
[WhiteClock "0:00:10"]
[BlackClock "0:00:12"]
[Board "55"]

1. e4 c5 2. b3 d6 3. Bb2 Nf6 4. Bxf6 exf6 5. Bd3 g6 6. Nc3 Bg7 7. Nge2 O-O 8. O-O Nc6 9. Ng3 h5 10. Re1 h4 11. Nf1 Ne5 12. Ne3 Nxd3 13. cxd3 Re8 14. Qf3 Be6 15. h3 Bh6 16. Ncd5 Kg7 17. Nf4 Qd7 18. Rac1 f5 19. Nxe6+ fxe6 20. Rc4 b5 21. Rc2 Rf8 22. exf5 gxf5 23. Qh5 Rf6 24. Qxh4 Rg6 25. d4 f4 26. dxc5 fxe3 27. dxe3 dxc5 28. Rxc5 Rf8 29. Rec1 Rf7 30. Qe4 Rgf6 31. f4 Qd2 32. R5c2 Qd6 33. g4 Kh8 34. g5 Bxg5 35. fxg5 Qg3+ 36. Qg2 Qxe3+ 37. Kh1 Rf2 38. Rxf2 Rxf2 39. Rc8+ Kg7 40. Qb7+ Kg6 41. Rg8+ Kh5 42. Qh7# 1-0


[Site "https://www.chess.com"]

[Event "Titled Tuesday Blitz August 1 Late 2023"]
[White "i_like_explosions"]
[Black "Hajiyev, Kanan"]
[BlackFideId "13404148"]
[WhiteElo "2429"]
[BlackElo "2542"]
[Result "0-1"]
[Round "7"]
[TimeControl "180+1"]
[Date "2023.08.01"]
[WhiteClock "0:02:08"]
[BlackClock "0:02:20"]
[Board "56"]

1. d4 Nf6 2. Bg5 Ne4 3. Bf4 c5 4. f3 Nf6 5. d5 Qb6 6. Bc1 d6 7. e4 g6 8. c4 Bg7 9. Nc3 O-O 10. Qc2 e6 11. Bd3 Re8 12. Nge2 Na6 13. a3 exd5 14. exd5 Nc7 15. Kf2 Ncxd5 16. Nxd5 Nxd5 17. cxd5 c4+ 18. Kg3 cxd3 19. Qxd3 Bf5 20. Qd1 Rac8 21. Bf4 Qxb2 22. Re1 Qxa1 0-1


[Site "https://www.chess.com"]

[Event "Titled Tuesday Blitz August 1 Late 2023"]
[White "Villarreal, Agustin"]
[Black "Moral Garcia, Serafin"]
[WhiteFideId "125687"]
[BlackFideId "2201925"]
[WhiteElo "2358"]
[BlackElo "2534"]
[Result "0-1"]
[Round "7"]
[TimeControl "180+1"]
[Date "2023.08.01"]
[WhiteClock "0:00:18"]
[BlackClock "0:00:39"]
[Board "57"]

1. d4 Nf6 2. Nf3 g6 3. c4 Bg7 4. Nc3 d5 5. Bg5 Ne4 6. cxd5 Nxg5 7. Nxg5 O-O 8. Nf3 c6 9. dxc6 Nxc6 10. e3 e5 11. dxe5 Nxe5 12. Be2 Nxf3+ 13. Bxf3 Qa5 14. O-O Bxc3 15. bxc3 Qxc3 16. Rb1 Rb8 17. Qa4 a6 18. Qf4 Be6 19. Rxb7 Rxb7 20. Bxb7 a5 21. a4 Rd8 22. Ba6 Rd2 23. h3 Kg7 24. Bb5 h5 25. e4 Rd4 26. Rc1 Qb4 27. Qe5+ Kh7 28. Bc6 Qd2 29. Rb1 Rb4 30. Rf1 Bc4 31. Ra1 Rb2 32. Qf4 Qxf4 0-1


[Site "https://www.chess.com"]

[Event "Titled Tuesday Blitz August 1 Late 2023"]
[White "NigelDwarf"]
[Black "Skytte, Rasmus"]
[BlackFideId "1404210"]
[WhiteElo "2520"]
[BlackElo "2343"]
[Result "1-0"]
[Round "7"]
[TimeControl "180+1"]
[Date "2023.08.01"]
[WhiteClock "0:00:02"]
[BlackClock "0:00:00"]
[Board "58"]

1. a3 d5 2. c4 e6 3. d4 Nf6 4. Nc3 Be7 5. Bg5 O-O 6. e3 Ne4 7. Bxe7 Qxe7 8. Bd3 Nxc3 9. bxc3 c5 10. cxd5 exd5 11. Ne2 Nc6 12. O-O Bg4 13. h3 Bh5 14. Qc2 Bg6 15. Nf4 Bxd3 16. Qxd3 Rfd8 17. Rab1 Rac8 18. Rb5 b6 19. Qf5 g6 20. Qd3 c4 21. Qb1 Qxa3 22. Nxd5 a6 23. Rxb6 Rxd5 24. Qe4 Qd6 25. Rfb1 Kg7 26. Rb7 Rd8 27. Qf3 a5 28. Qxf7+ Kh6 29. Qxh7+ Kg5 30. h4+ Kf5 31. Rf7+ Ke4 32. Rf4+ Kd3 33. Rg4 Kc2 34. Rxg6 Kd2 35. Rf1 Qe6 36. Rxe6 1-0


[Site "https://www.chess.com"]

[Event "Titled Tuesday Blitz August 1 Late 2023"]
[White "Gasparyan, David"]
[Black "Djordjevic, Dejan N"]
[WhiteFideId "13311980"]
[BlackFideId "913316"]
[WhiteElo "2514"]
[BlackElo "2116"]
[Result "1-0"]
[Round "7"]
[TimeControl "180+1"]
[Date "2023.08.01"]
[WhiteClock "0:01:15"]
[BlackClock "0:00:00"]
[Board "59"]

1. e4 c5 2. Nc3 Nc6 3. Bb5 g6 4. Bxc6 dxc6 5. d3 Bg7 6. Be3 b6 7. Qd2 e5 8. h4 h6 9. Nge2 Nf6 10. f3 Qc7 11. a3 a5 12. Na4 Rb8 13. c4 Nd7 14. b4 axb4 15. axb4 cxb4 16. Qxb4 c5 17. Qb3 O-O 18. Nac3 Bb7 19. Nb5 Qc6 20. Nec3 Ra8 21. O-O f5 22. Nd5 Kh7 23. h5 g5 24. Ne7 Qe6 25. Nxf5 Rxa1 26. Rxa1 Rxf5 27. exf5 Qxf5 28. Nd6 Qe6 29. Nxb7 e4 30. Re1 exf3 31. Qd1 Bc3 32. Bd2 Bd4+ 33. Kf1 fxg2+ 34. Kxg2 Ne5 35. Qe2 Kg7 36. Qe4 Qg4+ 37. Qxg4 Nxg4 38. Nd6 1-0


[Site "https://www.chess.com"]

[Event "Titled Tuesday Blitz August 1 Late 2023"]
[White "Toncheva, Nadya"]
[Black "Fantastic_Power"]
[WhiteFideId "2924056"]
[WhiteElo "2474"]
[BlackElo "2745"]
[Result "1/2-1/2"]
[Round "7"]
[TimeControl "180+1"]
[Date "2023.08.01"]
[WhiteClock "0:00:12"]
[BlackClock "0:01:13"]
[Board "60"]

1. d4 Nf6 2. c4 e6 3. Nc3 Bb4 4. e3 O-O 5. Ne2 Re8 6. a3 Bf8 7. Ng3 d5 8. Bd3 a6 9. O-O dxc4 10. Bxc4 b5 11. Bd3 Bb7 12. a4 b4 13. Nce4 Nbd7 14. b3 c5 15. Bb2 Rc8 16. Rc1 Nxe4 17. Nxe4 cxd4 18. Rxc8 Qxc8 19. Bxd4 e5 20. Bb2 Nc5 21. Nxc5 Qxc5 22. e4 Rd8 23. Qe2 a5 24. Rc1 Qd6 25. Bc4 g6 26. h3 Bh6 27. Rc2 Qd1+ 28. Kh2 Qxe2 29. Rxe2 Re8 30. g3 Kf8 31. Re1 Bd2 32. Rd1 Bc3 33. Bxc3 bxc3 34. f3 f5 35. Rc1 fxe4 36. fxe4 Bxe4 37. Rxc3 Rd8 38. Re3 Rd2+ 39. Kg1 Bc6 40. Rxe5 Rg2+ 41. Kf1 Rxg3 42. Rxa5 Rxh3 43. Rc5 Bd7 44. a5 Ke7 45. a6 Rh1+ 46. Kf2 Ra1 47. Rc7 Kd6 48. Rb7 h5 49. a7 Kc6 50. Bd5+ Kxd5 51. Rxd7+ Kc6 52. Rg7 Kb6 53. Rxg6+ Kxa7 54. Rh6 Ra5 55. Kg3 Rb5 56. Kh4 Rxb3 57. Rxh5 Rb4+ 58. Kg3 Ka6 59. Re5 1/2-1/2


[Site "https://www.chess.com"]

[Event "Titled Tuesday Blitz August 1 Late 2023"]
[White "Matinian, Nikita"]
[Black "Liu, Casper"]
[WhiteFideId "24129100"]
[BlackFideId "1454153"]
[WhiteElo "2709"]
[BlackElo "2472"]
[Result "0-1"]
[Round "7"]
[TimeControl "180+1"]
[Date "2023.08.01"]
[WhiteClock "0:00:01"]
[BlackClock "0:00:55"]
[Board "61"]

1. e4 c5 2. Nf3 d6 3. d4 Nf6 4. Nc3 cxd4 5. Nxd4 Nc6 6. Bg5 Bd7 7. Nxc6 Bxc6 8. Bb5 Bxb5 9. Nxb5 Qa5+ 10. Nc3 Qxg5 11. h4 Qxg2 12. Rf1 Nxe4 13. Qd5 f5 14. Qxb7 Rd8 15. O-O-O g6 16. Nd5 Kf7 17. Kb1 Nc5 18. Qxa7 Rd7 19. Qa3 Bg7 20. f3 Rb8 21. b3 e6 22. Ne3 Qe2 23. Rfe1 Qb5 24. h5 Na4 25. hxg6+ hxg6 26. Rd3 Nc3+ 27. Kc1 Rc8 28. f4 Nxa2+ 29. Kb1 Nb4 30. Rdd1 Rcc7 31. Nc4 Ra7 32. Qxa7 Rxa7 33. Nxd6+ Kg8 34. Nxb5 Ra1# 0-1


[Site "https://www.chess.com"]

[Event "Titled Tuesday Blitz August 1 Late 2023"]
[White "Garcia de Dios, Jose Antonio"]
[Black "Papasimakopoulos, Alexandros"]
[WhiteFideId "5128919"]
[BlackFideId "4244125"]
[WhiteElo "2466"]
[BlackElo "2678"]
[Result "0-1"]
[Round "7"]
[TimeControl "180+1"]
[Date "2023.08.01"]
[WhiteClock "0:01:39"]
[BlackClock "0:01:52"]
[Board "62"]

1. d4 d5 2. Bf4 c5 3. e3 Nc6 4. c3 Qb6 5. Qb3 c4 6. Qc2 e5 7. dxe5 Bf5 8. Qc1 f6 9. Nf3 Bc5 10. Nbd2 fxe5 11. Nxe5 Nf6 12. Be2 O-O 13. Ndf3 Rae8 14. Nxc6 bxc6 15. a4 Ne4 16. a5 Qd8 17. O-O g5 18. Bg3 h5 19. Nxg5 Qxg5 20. Bxh5 Nxg3 0-1


[Site "https://www.chess.com"]

[Event "Titled Tuesday Blitz August 1 Late 2023"]
[White "Rios Escobar, Adan"]
[Black "Goltsev, Dmitry"]
[WhiteFideId "3403645"]
[BlackFideId "24176710"]
[WhiteElo "2458"]
[BlackElo "2646"]
[Result "0-1"]
[Round "7"]
[TimeControl "180+1"]
[Date "2023.08.01"]
[WhiteClock "0:00:00"]
[BlackClock "0:01:33"]
[Board "63"]

1. d4 Nf6 2. g3 g6 3. Bg2 Bg7 4. e4 d6 5. Ne2 O-O 6. O-O e5 7. Nbc3 Nc6 8. dxe5 dxe5 9. Bg5 h6 10. Qxd8 Rxd8 11. Bxf6 Bxf6 12. Nd5 Bg7 13. Nxc7 Rb8 14. Rad1 Bg4 15. f3 Bd7 16. Rd2 Be6 17. Rfd1 Rxd2 18. Rxd2 Bxa2 19. b3 Bf8 20. Nd5 Nb4 21. Ndc3 Rc8 22. Kf1 Bc5 23. Bh3 Rc6 24. Bd7 Rc7 25. Bh3 Kg7 26. Nxa2 Nxa2 27. c3 Nxc3 28. Nxc3 Bb4 0-1


[Site "https://www.chess.com"]

[Event "Titled Tuesday Blitz August 1 Late 2023"]
[White "Urbina Perez, Juan Antonio"]
[Black "Przybylski, Wojciech"]
[WhiteFideId "2217368"]
[BlackFideId "1117599"]
[WhiteElo "2454"]
[BlackElo "2633"]
[Result "0-1"]
[Round "7"]
[TimeControl "180+1"]
[Date "2023.08.01"]
[WhiteClock "0:00:00"]
[BlackClock "0:00:42"]
[Board "64"]

1. d4 Nf6 2. c4 e6 3. Nf3 d5 4. g3 Bb4+ 5. Bd2 Be7 6. Bg2 O-O 7. O-O Nbd7 8. cxd5 exd5 9. Nc3 c6 10. h4 Re8 11. Rb1 a5 12. a3 Ne4 13. Nxe4 dxe4 14. Ne5 Nf8 15. Bc3 f6 16. Nc4 Be6 17. Ne3 f5 18. b4 a4 19. d5 cxd5 20. Nc2 Rc8 21. Bb2 Bf6 22. Nd4 Bd7 23. e3 Kh8 24. b5 Ng6 25. Qxa4 Ne5 26. Rfc1 Rxc1+ 27. Rxc1 Nd3 28. Rc2 f4 29. gxf4 Bg4 30. b6 Rg8 31. Ba1 Qxb6 32. Bf1 Qb1 0-1


[Site "https://www.chess.com"]

[Event "Titled Tuesday Blitz August 1 Late 2023"]
[White "Lehtosaari, Mauri"]
[Black "Araujo Sanchez, Josue"]
[WhiteFideId "501999"]
[BlackFideId "6416896"]
[WhiteElo "2453"]
[BlackElo "2620"]
[Result "1-0"]
[Round "7"]
[TimeControl "180+1"]
[Date "2023.08.01"]
[WhiteClock "0:00:41"]
[BlackClock "0:00:59"]
[Board "65"]

1. d4 c6 2. Nf3 d5 3. Bf4 Bf5 4. e3 e5 5. Nxe5 Nf6 6. h3 Bd6 7. Nd2 O-O 8. Be2 Qc7 9. O-O c5 10. c3 Nc6 11. Ndf3 Rfe8 12. Bb5 a6 13. Bxc6 bxc6 14. Qa4 Re6 15. Ng5 cxd4 16. Nxe6 fxe6 17. cxd4 c5 18. Qc6 Qxc6 19. Nxc6 Bf8 20. dxc5 Bxc5 21. Rfc1 Bf8 22. Nd4 g6 23. Nxf5 gxf5 24. Rc7 Ne8 25. Rb7 Bg7 26. Rc1 e5 27. Bg3 e4 28. Rd1 Rd8 29. b3 Nd6 30. Bxd6 Rxd6 31. Rc1 Bf8 32. Rc8 f4 33. Kf1 Rf6 34. Ke2 h6 35. Rd7 Rf5 36. b4 f3+ 37. gxf3 exf3+ 38. Kd3 1-0


[Site "https://www.chess.com"]

[Event "Titled Tuesday Blitz August 1 Late 2023"]
[White "Sun, Rick"]
[Black "Harriott, Tyrell"]
[WhiteFideId "30909481"]
[BlackFideId "2086484"]
[WhiteElo "2616"]
[BlackElo "2451"]
[Result "0-1"]
[Round "7"]
[TimeControl "180+1"]
[Date "2023.08.01"]
[WhiteClock "0:00:00"]
[BlackClock "0:00:30"]
[Board "66"]

1. e4 d5 2. exd5 Nf6 3. Nf3 Qxd5 4. Nc3 Qh5 5. Be2 Bg4 6. a4 Nc6 7. a5 a6 8. d4 O-O-O 9. Be3 e5 10. d5 Bb4 11. dxc6 Rxd1+ 12. Rxd1 e4 13. cxb7+ Kxb7 14. Nd4 Qxa5 15. O-O Qh5 16. Ra1 Ra8 17. Bc4 Bc5 18. Ra5 Nd7 19. Rfa1 f5 20. Bd5+ Kb8 21. Rxa6 Rxa6 22. Rxa6 Nb6 23. Nc6+ Kc8 24. Bxc5 Be2 25. Ne7+ Kd7 0-1


[Site "https://www.chess.com"]

[Event "Titled Tuesday Blitz August 1 Late 2023"]
[White "Sivakumar, Shaashwath"]
[Black "slidingknight2775"]
[WhiteFideId "30912156"]
[WhiteElo "2593"]
[BlackElo "2449"]
[Result "0-1"]
[Round "7"]
[TimeControl "180+1"]
[Date "2023.08.01"]
[WhiteClock "0:00:08"]
[BlackClock "0:00:07"]
[Board "67"]

1. d4 Nf6 2. c4 e6 3. Nf3 d5 4. g3 dxc4 5. Bg2 c6 6. O-O b5 7. Ne5 Bb7 8. a4 a6 9. b3 cxb3 10. Qxb3 Qxd4 11. Bf4 Qb4 12. Qc2 Qc5 13. Nc3 b4 14. Rab1 Nbd7 15. Nd3 Qc4 16. Qb2 a5 17. Rfc1 Qa6 18. Ne4 Nxe4 19. Bxe4 c5 20. Bxb7 Qxb7 21. Ne5 Nxe5 22. Qxe5 Qd5 23. Qc7 Qd7 24. Qe5 f6 25. Qe4 Qd5 26. Qe3 Kf7 27. Rd1 Qc6 28. Rd2 Be7 29. Qf3 Qxf3 30. exf3 Rhd8 31. Rc2 Rac8 32. Rbc1 Rd3 33. Be3 Ra3 34. Rd1 Rc7 35. f4 Rxa4 36. f5 e5 37. Rcd2 c4 38. Rd7 Rxd7 39. Rxd7 Ra1+ 40. Kg2 Ke8 41. Rc7 c3 42. Bb6 b3 43. Rc8+ Kd7 44. Rc7+ Kd6 45. Rxc3 b2 46. Bc5+ Kd7 47. Rd3+ Ke8 48. Bxe7 Kxe7 49. Rd5 b1=Q 50. Kh3 Qxf5+ 51. Kg2 Qe4+ 52. Kh3 Qxd5 0-1


[Site "https://www.chess.com"]